 Dungeon Crawl Stone Soup version 0.29.1-4-g47bece8355 (webtiles) character file.

Game seed: 12672181270552336559

15736 Lutefisk the Zephyrmancer (level 12, -6/76 HPs)
             Began as a Tengu Air Elementalist on Dec 2, 2022.
             Was a Priest of Sif Muna.
             Killed by the air
             ... invoked by a wind drake
              (14 damage)
             ... on level 3 of the Lair of Beasts on Dec 3, 2022.
             The game lasted 01:11:22 (7201 turns).

Lutefisk the Zephyrmancer (Tengu Air Elementalist)  Turns: 7201, Time: 01:11:23

Health: -6/76      AC:  7    Str: 14    XL:     12   Next: 30%
Magic:  11/25      EV: 20    Int: 19    God:    Sif Muna [***...]
Gold:   259        SH: 16    Dex: 23    Spells: 14/27 levels left

rFire   . . .      SeeInvis .   I - +1 dagger (venom)
rCold   + . .      Faith    .   L - +0 kite shield of Polytheism {rC+ Dex+6}
rNeg    . . .      Spirit   .   C - +0 acid dragon scales
rPois   .          Reflect  +   y - +0 hat
rElec   .          Harm     .   (no cloak)
rCorr   +          Rampage  .   (no gloves)
Will    .....                   (boots unavailable)
Stlth   ++........              c - amulet of reflection
HPRegen 0.22/turn               m - +6 ring of strength
MPRegen 0.19/turn               (no ring)

@: channelling, flying quickly and evasively, quick
A: beak, talons 3, nimble flight
a: Renounce Religion, Channel Magic, Forget Spell


You were on level 3 of the Lair of Beasts.
You worshipped Sif Muna.
Sif Muna was most pleased with you.
You visited 3 branches of the dungeon, and saw 14 of its levels.

You collected 595 gold pieces.
You spent 336 gold pieces at shops.

Inventory:

Hand Weapons
 p - a +2 scimitar of flaming
 I - a +1 dagger of venom (weapon)
Missiles
 a - 11 poisoned darts (quivered)
Armour
 y - a +0 hat (worn)
 C - +0 acid dragon scales (worn)
 L - the +0 kite shield of Polytheism (worn) {rC+ Dex+6}
   (You acquired it on level 10 of the Dungeon)

   Dex:       It affects your dexterity (+6).
   rC:        It protects you from cold.
Magical Staves
 k - a staff of cold
Jewellery
 c - an amulet of reflection (around neck)
 m - a +6 ring of strength (left hand)
 w - an amulet of the acrobat
Wands
 j - a wand of light (3)
 s - a wand of roots (10)
 t - a wand of flame (18)
 v - a wand of polymorph (17)
 B - a wand of paralysis (7)
Scrolls
 f - a scroll of vulnerability {unknown}
 h - 2 scrolls of magic mapping
 i - 2 scrolls of amnesia
 q - 10 scrolls of teleportation
 u - a scroll of noise {unknown}
 x - a scroll of acquirement
 E - a scroll of immolation {unknown}
 G - a scroll of silence {unknown}
 H - a scroll of poison {unknown}
 J - a scroll of enchant armour {unknown}
Potions
 b - a potion of magic
 d - a potion of brilliance {unknown}
 e - 5 potions of mutation
 g - 2 potions of cancellation
 l - 3 potions of ambrosia
 n - a potion of heal wounds {unknown}
 r - 2 potions of attraction {unknown}
 z - 3 potions of haste
 A - 5 potions of lignification
 D - a potion of flight {unknown}
 M - 2 potions of curing
Miscellaneous
 K - a tin of tremorstones (2/2)


   Skills:
 - Level 9.0 Fighting
 - Level 1.0 Throwing
 - Level 7.0 Armour
 * Level 9.7 Dodging
 - Level 3.0 Stealth
 - Level 5.0 Shields
 - Level 8.0 Spellcasting
 - Level 4.0 Conjurations
 - Level 10.0 Air Magic
 - Level 4.0 Invocations
 - Level 4.0 Evocations


You had 14 spell levels left.
You knew the following spells:

 Your Spells              Type           Power      Damage    Failure   Level
a - Shock                 Conj/Air       100%       1d9       1%          1
b - Static Discharge      Conj/Air       34%        3-8/arc   3%          2
c - Swiftness             Air            45%        N/A       1%          3
d - Airstrike             Air            22%        2d(4-20)  6%          4
e - Mephitic Cloud        Conj/Pois/Air  25%        N/A       16%         3

Your spell library contained the following spells:

 Spells                   Type           Power      Damage    Failure   Level
 Magic Dart               Conj           88%        1d7       7%          1
 Call Imp                 Summ           7%         N/A       47%         2
 Ignite Poison            Fire/Tmut/Pois 7%         N/A       71%         3
 Portal Projectile        Hex/Tloc       14%        N/A       71%         3
 Tukima's Dance           Hex            7%         N/A       71%         3
 Freezing Cloud           Conj/Ice/Air   12%        6-21      83%         5
 Blade Hands              Tmut           3%         N/A       100%        5


Dungeon Overview and Level Annotations

Branches:
Dungeon (10/15)            Temple (1/1) D:7            Lair (3/5) D:10
 Shoals (0/4) Lair:3        Snake (0/4) Lair:3          Orc (0/2) D:10

Altars:
Ashenzari
Cheibriados
Dithmenos
Elyvilon
Fedhas
Gozag
Hepliaklqana
Kikubaaqudgha
Makhleb
Nemelex Xobeh
Okawaru
Qazlal
Ru
Sif Muna
Trog
Uskayaw
Vehumet
Wu Jian
Xom
Yredelemnul
The Shining One

Shops:
D:8 (*   D:10 ?

Annotations:
D:5 1 runed translucent door, safid's ghost, novice MiHu
D:7 1 runed translucent door, Rudyous's ghost, novice MiFi
D:8 Gastronok
Lair:1 2 runed translucent doors, Harold


Innate Abilities, Weirdness & Mutations

You have a beak for a mouth.
You have claws for feet.
Your magical nature lets you fly swiftly and evasively.


Message History

The air twists around and strikes the wind drake!!
The wind drake is heavily wounded.
The manticore flicks its tail.
The volley of spikes misses you.
Casting: Airstrike (dangerous; 6% risk of failure)
Confirm with . or Enter, or press ? or * to list all spells.
Aiming: Airstrike (dangerous; 6% risk of failure)
Press: ? - help, Dir - move target, f/p - wind drake
Aim: a wind drake (heavily wounded, repelling missiles, empty space bonus: 8/8)
The air twists around and strikes the wind drake!
The wind drake is almost dead.
The wind drake flaps its wings at you. The air twists around and strikes you!
The manticore flicks its tail.
The volley of spikes reflects off an invisible shield around you!
The volley of spikes hits the manticore!!
The wind drake flaps its wings at you. The air twists around and strikes you!!
* * * LOW HITPOINT WARNING * * *
Casting: Airstrike (dangerous; 6% risk of failure)
Confirm with . or Enter, or press ? or * to list all spells.
Aiming: Airstrike (dangerous; 6% risk of failure)
Press: ? - help, Dir - move target, f/p - wind drake
Aim: a wind drake (almost dead, repelling missiles, empty space bonus: 8/8)
The air twists around and strikes the wind drake.
The wind drake is almost dead.
The wind drake flaps its wings at you. The air twists around and strikes you!
* * * LOW HITPOINT WARNING * * *
The manticore flicks its tail.
The volley of spikes misses you.
Okay, then.
Okay, then.
Unknown command.
Okay, then.
As you read the scroll of fog, it crumbles to dust.
The scroll dissolves into smoke.
The wind drake flaps its wings at you. The air twists around and strikes you!
You die...

.<...# #..### ###........
<..### #..#. #..........
#...### #...####.........
##.#..### #...P#..........
###....####### #.............#
#P......#.#.### ##.............
##..#......#.§###...#..........
#...###.....§§§P#..####.....###
#...... ##..N..§@§...# #....##
# #...... #P....§§§§§.##
#.#..## #
..............§§.....####.##.#
## ....>.......H...k.....####
## #. .. .N...###..........##
## ...## #...........### ## ...
##............# #.
##............# ##
#.............# #


You could see a wind drake (repels missiles) and a naga.

Vanquished Creatures
  Erica (D:8)
  5 elephants (Lair:2)
  5 cane toads
  Maggie (D:6)
  5 komodo dragons
  A troll (D:7)
  8 blink frogs
  A hornet (D:9)
  A shadow (D:10)
  2 wyverns
  12 yaks
  Grum (D:8)
  A basilisk (Lair:1)
  4 steam dragons
  5 water moccasins
  Duvessa (D:6)
  4 orc warriors
  3 sky beasts
  A black bear (D:5)
  9 wolves
  5 ogres
  9 centaurs
  A phantom (D:7)
  A gnoll sergeant (D:10)
  A kobold brigand (D:9)
  6 bullfrogs
  2 scorpions (D:6)
  Dowan (D:6)
  9 killer bees
  2 electric eels (Lair:2)
  A lava snake (D:9)
  6 orc priests
  A gnoll bouda (D:9)
  2 hounds
  3 iguanas
  13 orc wizards
  17 gnolls
  7 adders
  8 white imps
  3 ufetubi
  A worm (D:4)
  5 dart slugs
  30 orcs
  A ball python (D:1)
  7 endoplasms
  5 giant cockroaches
  11 goblins
  4 hobgoblins
  2 jackals (D:3)
  7 kobolds
  2 quokkas
  4 bats
  6 rats
  A toadstool (D:1)
255 creatures vanquished.

Vanquished Creatures (others)
  27 fungi
  32 plants
  3 toadstools (D:1)
  2 withered plants (D:5)
64 creatures vanquished.

Grand Total: 319 creatures vanquished

Notes
Turn   | Place    | Note
-------+----------+-------------------------------------------
     0 | D:1      | Lutefisk the Tengu Air Elementalist began the quest for the
                  | Orb.
     0 | D:1      | Reached XP level 1. HP: 10/10 MP: 4/4
   101 | D:1      | Reached skill level 1 in Fighting
   159 | D:1      | Reached XP level 2. HP: 16/16 MP: 6/6
   332 | D:1      | Reached XP level 3. HP: 21/22 MP: 2/7
   467 | D:2      | Found a faded altar of an unknown god.
   630 | D:3      | Reached XP level 4. HP: 28/28 MP: 6/8
   635 | D:3      | Learned a level 2 spell: Static Discharge
   643 | D:3      | Learned a level 3 spell: Swiftness
   751 | D:3      | Found a sparkling altar of Nemelex Xobeh.
   752 | D:3      | Found a hazy altar of Hepliaklqana.
   845 | D:3      | Reached skill level 5 in Air Magic
   984 | D:4      | Gained mutation: Your magical nature lets you fly swiftly
                  | and evasively. [Tengu growth]
   984 | D:4      | Reached XP level 5. HP: 28/32 MP: 3/9
  1046 | D:4      | Reached skill level 1 in Armour
  1046 | D:4      | Reached skill level 1 in Evocations
  1059 | D:4      | Noticed an ogre
  1084 | D:4      | Killed an ogre
  1085 | D:4      | Reached skill level 6 in Air Magic
  1085 | D:4      | Reached XP level 6. HP: 29/38 MP: 2/10
  1178 | D:4      | Noticed a sky beast
  1196 | D:4      | Killed a sky beast
  1375 | D:4      | Reached XP level 7. HP: 26/43 MP: 5/12
  1433 | D:5      | Entered Level 5 of the Dungeon
  1650 | D:5      | Found a broken altar of Ashenzari.
  1699 | D:5      | Found an iron altar of Okawaru.
  1881 | D:5      | Reached skill level 7 in Air Magic
  1881 | D:5      | Reached XP level 8. HP: 42/48 MP: 10/13
  1897 | D:5      | Reached skill level 8 in Air Magic
  1941 | D:5      | Found a runed translucent door.
  1947 | D:5      | Noticed safid's ghost (novice MiHu)
  2061 | D:5      | Reached skill level 5 in Fighting
  2087 | D:5      | Learned a level 4 spell: Airstrike
  2319 | D:6      | Noticed Duvessa
  2321 | D:6      | Noticed Dowan
  2460 | D:6      | Reached skill level 5 in Dodging
  2481 | D:6      | Reached skill level 1 in Throwing
  2481 | D:6      | Reached skill level 1 in Shields
  2624 | D:6      | Noticed Maggie
  2647 | D:7      | Reached XP level 9. HP: 13/54 MP: 2/14
  2781 | D:6      | Killed Duvessa
  2926 | D:6      | Killed Maggie
  2927 | D:6      | Reached skill level 9 in Air Magic
  2990 | D:6      | Killed Dowan
  3098 | D:7      | Noticed a troll
  3141 | D:8      | Noticed Gastronok
  3166 | D:8      | Noticed Grum
  3181 | D:7      | Killed a troll
  3182 | D:7      | Reached skill level 10 in Air Magic
  3253 | D:7      | Reached skill level 5 in Spellcasting
  3296 | D:7      | Found a staircase to the Ecumenical Temple.
  3306 | Temple   | Entered the Ecumenical Temple
  3314 | Temple   | Became a worshipper of Sif Muna the Loreminder
  3388 | D:7      | Found a runed translucent door.
  3388 | D:7      | Noticed Rudyous's ghost (novice MiFi)
  3449 | D:7      | Reached XP level 10. HP: 45/60 MP: 11/18
  3592 | D:7      | Reached * piety under Sif Muna
  3610 | D:7      | Reached skill level 5 in Armour
  3764 | D:8      | Killed Grum
  3774 | D:8      | Reached skill level 5 in Shields
  3822 | D:8      | Noticed a two-headed ogre
  4012 | D:8      | Noticed Erica
  4028 | D:8      | Killed Erica
  4029 | D:8      | Reached skill level 1 in Invocations
  4043 | D:8      | Found Zotyb's Assorted Antiques.
  4048 | D:8      | Found Reorat's Antique Weapon Shop.
  4051 | D:8      | Bought a scroll of blinking for 210 gold pieces
  4051 | D:8      | Bought a scroll of teleportation for 84 gold pieces
  4256 | D:8      | Reached ** piety under Sif Muna
  4421 | D:9      | Reached XP level 11. HP: 45/67 MP: 13/21
  4730 | D:10     | Entered Level 10 of the Dungeon
  4730 | D:10     | Found Tuob's Magic Scroll Emporium.
  4733 | D:10     | Bought a scroll of teleportation for 42 gold pieces
  4745 | D:10     | Identified 2 scrolls of acquirement
  4755 | D:10     | Acquired the +0 kite shield of Polytheism {rC+ Dex+6}
  5079 | D:10     | Found a staircase to the Orcish Mines.
  5088 | D:10     | Found a staircase to the Lair.
  5120 | Lair:1   | Entered Level 1 of the Lair of Beasts
  5120 | Lair:1   | Found a burning altar of Makhleb.
  5660 | Lair:1   | Identified the +1 robe of Bursted Happiness {Will++ Str+7
                  | Dex-5}
  5665 | Lair:1   | Found a runed translucent gate.
  5668 | Lair:1   | Found a runed translucent gate.
  5723 | Lair:1   | Reached *** piety under Sif Muna
  5819 | Lair:1   | Noticed Harold
  6409 | Lair:2   | Reached XP level 12. HP: 63/76 MP: 1/23
  6919 | Lair:3   | Found a staircase to the Shoals.
  7106 | Lair:3   | Learned a level 3 spell: Mephitic Cloud
  7184 | Lair:3   | Found a staircase to the Snake Pit.
  7201 | Lair:3   | Killed from afar by a wind drake

Illustrated notes

Levels and vault maps discovered:
D:1:      ldierk_water_garden, layout_loops_ring
D:2:      layout_rooms, chequers_ecumenical_altar_grove
D:3:      layout_basic, gammafunk_temple_overflow_pools
D:4:      layout_layer_cave
D:5:      layout_basic, zin_scriptorium, mainiacjoe_overflow_catch_the_wave,
          gammafunk_ghost_grave
D:6:      layout_basic, kennysheep_generic_room_16, uniq_maggie, uniq_duvessa
D:7:      layout_basic, minmay_temple_entry_butterflies,
          hellmonk_ghost_happy_afterlife, centaur_isle
D:8:      layout_loops_ring, serial_shops, nicolae_shop_statue_plus, shop,
          hellmonk_guarded_unrand_frostbite, uniq_gastronok, uniq_erica,
          uniq_grum, uniq_prince_ribbit1
D:9:      layout_roguey, nicolae_kite_square_tiling_tiny
D:10:     layout_cave_pools, david_lair_shrubbed, orc_0_dummy, serial_shops,
          nicolae_stop_n_shop_2
Temple:   sentei_temple_godly_chess
Lair:1:   layout_hall_layers, gammafunk_ghost_hydra_chop, basic_altar,
          dreamdust_mushroom_princess, grunt_megastairs_4, uniq_harold
Lair:2:   wad_woods_pond, layout_cave_pods
Lair:3:   layout_cave_pods, minmay_shoals_entry_beasts,
          minmay_snake_entry_guardpost_small

Skill      XL: |  1  2  3  4  5  6  7  8  9 10 11 12 |
---------------+-------------------------------------+-----
Fighting       | 1 2 3 4 5 6 7 9 |  9.0
Conjurations   | 2 4 |  4.0
Air Magic      | 5 6 7 8 10 | 10.0
Armour         | 1 2 4 6 7 |  7.0
Evocations     | 1 3 4 |  4.0
Dodging        | 3 4 5 7 8 9 |  9.7
Spellcasting   | 3 5 6 7 8 |  8.0
Throwing       | 1 |  1.0
Shields        | 3 4 5 |  5.0
Invocations    | 2 4 |  4.0
Stealth        | 3 |  3.0

Action                   |  1- 3 |  4- 6 |  7- 9 | 10-12 || total
-------------------------+-------+-------+-------+-------++-------
Melee: Kick              |    12 |     7 |    18 |    45 ||    82
       Short sword       |    11 |       |       |       ||    11
       Unarmed           |     2 |       |       |       ||     2
       Dagger            |    15 |    25 |    58 |   105 ||   203
       Peck              |     2 |     6 |    13 |    28 ||    49
       Punch             |       |       |     1 |       ||     1
Throw: Dart              |       |       |     4 |    30 ||    34
       Boomerang         |       |       |       |     2 ||     2
 Cast: Shock             |    35 |    51 |   113 |    49 ||   248
       Static Discharge  |       |     1 |    16 |    83 ||   100
       Airstrike         |       |       |    16 |    81 ||    97
       Swiftness         |       |       |     1 |     2 ||     3
Invok: Channel Magic     |       |       |       |     2 ||     2
Evoke: Wand              |       |     3 |    16 |    18 ||    37
  Use: Scroll            |       |       |     1 |    20 ||    21
       Potion            |       |       |       |     6 ||     6
 Stab: Sleeping          |     4 |     1 |       |       ||     5
Armor: Robe              |     3 |     3 |     3 |       ||     9
       Acid dragon scale |       |       |    11 |    28 ||    39
Dodge: Dodged            |     7 |    13 |    55 |   131 ||   206
Block: Other             |     5 |     3 |     8 |       ||    16
       Reflection        |     1 |       |     8 |     7 ||    16
       Buckler           |       |       |    28 |   105 ||   133
       Kite shield       |       |       |       |     8 ||     8
